 Dungeon Crawl Stone Soup version 0.31-a0-557-g6e16503903 (webtiles) character file.

Game seed: 16645618077664507063

20 Maratek the Trooper (level 2, 33/33 HPs)
             Began as an Ogre Fighter on Aug 16, 2023.
             Was a High Priest of Ignis.
             Quit the game on level 1 of the Dungeon.
             The game lasted 00:00:58 (569 turns).

Maratek the Trooper (Ogre Fighter)                   Turns: 569, Time: 00:00:59

Health: 33/33      AC:  3    Str: 19    XL:     2   Next: 79%
Magic:  2/2        EV:  8    Int:  9    God:    Ignis [*****.]
Gold:   53         SH:  7    Dex:  8    Spells: 1/1 levels left

rFire   + . .        a - +0 war axe
rCold   . . .        c - +0 kite shield
rNeg    . . .        b - +0 robe
rPois   .            (helmet restricted)
rElec   .            (no cloak)
rCorr   .            (gloves unavailable)
SInv    .            (boots unavailable)
Will    .....        (no amulet)
Stlth   +            (no ring)
HPRegen 0.25/turn    (no ring)
MPRegen 0.08/turn

%: no passive effects
@: no status effects
A: large, unfitting armour, tough skin 1
a: Renounce Religion, Fiery Armour, Foxfire Swarm, Rising Flame


You were on level 1 of the Dungeon.
You worshipped Ignis.
Ignis was extremely pleased with you.
You visited 1 branch of the dungeon, and saw 1 of its levels.

You collected 53 gold pieces.

Inventory:

Hand Weapons
 a - a +0 war axe (weapon)
Armour
 b - a +0 robe (worn)
 c - a +0 kite shield (worn)
Scrolls
 f - a scroll of brand weapon {unknown}
 g - 3 scrolls of fear {unknown}
 i - a scroll of identify {unknown}
 k - a scroll of amnesia {unknown}
Potions
 d - a potion of might
 e - 3 potions of heal wounds {unknown}
 h - a potion of attraction {unknown}
 j - a potion of lignification {unknown}


   Skills:
 + Level 4.3 Fighting
 + Level 2.3 Axes
 + Level 2.9 Dodging
 + Level 3.2 Shields


You had one spell level left.
You didn't know any spells.
Your spell library was empty.

Dungeon Overview and Level Annotations

Branches:
Dungeon (1/15)

Altars:
Ignis


Innate Abilities, Weirdness & Mutations

You are too large for most types of armour.
You have tough skin. (AC +1)


Message History

A frilled lizard is nearby!
A frilled lizard is nearby!
A frilled lizard is nearby!
The frilled lizard closely misses you.
You slash the frilled lizard!
You kill the frilled lizard!
No target in view!
No target in view!
Found a dagger.
You see here a +0 dagger.
Found an escape hatch in the floor.
An endoplasm comes into view.
An endoplasm is nearby!
An endoplasm is nearby!
An endoplasm is nearby!
The helpless endoplasm fails to defend itself.
You hit the endoplasm.
You kill the endoplasm!
No target in view!
No target in view!
A rat comes into view.
A rat is nearby!
A rat is nearby!
A rat is nearby!
Found a faded altar of an unknown god.
You slash the rat!
You kill the rat!
No target in view!
No target in view!
No target in view!
No target in view!
No target in view!
No target in view!
Okay, then.
There is a faded altar of an unknown god here.
This altar belongs to (a) Ashenzari, (b) Vehumet or (c) Ignis, but you can't tell which.
Press the corresponding letter to learn more about a god, or press enter to convert or escape to cancel.
Ignis accepts your prayer! Ignis welcomes you!
Okay, then.
Are you sure you want to abandon this character and quit the game? (Confirm with "yes".)

#............#.#
#.#
#............#.#
#.#
#...........##.#
#.#
#............###
#.#
######'#+##....##
#.# .........#
##...## #.#
.........#
#...#####.#
.........#
#........#
....)....#
#^@......#
.........#
#.......†#
.........#
#...#####.#
###......# #...##
#.# #......#
....## #.#
#......#....# #.#
##'##..#...# #.#
##.##..#.#. #.#
#8.8#..#


There were no monsters in sight!

Vanquished Creatures
  A ball python (D:1)
  4 endoplasms (D:1)
  A giant cockroach (D:1)
  2 goblins (D:1)
  A hobgoblin (D:1)
  A quokka (D:1)
  2 bats (D:1)
  2 frilled lizards (D:1)
  3 kobolds (D:1)
  A rat (D:1)
18 creatures vanquished.

Notes
Turn   | Place    | Note
-------+----------+-------------------------------------------
     0 | D:1      | Maratek the Ogre Fighter began the quest for the Orb.
     0 | D:1      | Reached XP level 1. HP: 24/24 MP: 1/1
   243 | D:1      | Reached XP level 2. HP: 32/32 MP: 2/2
   554 | D:1      | Found a faded altar of an unknown god.
   568 | D:1      | Prayed at the altar of an unknown god.
   568 | D:1      | Became a worshipper of Ignis, the Dying Flame
   569 | D:1      | Quit the game

Illustrated notes

Levels and vault maps discovered:
D:1:      lightli_iron_boxes, layout_basic,
          hellmonk_ecumenical_altar_crossroads, dk_noncrumbling_2

Action                     || total
---------------------------++-------
  Melee: War axe           ||    35
   Stab: Sleeping          ||     1
 Armour: Robe              ||    15
  Dodge: Dodged            ||    15
  Block: Kite shield       ||    15

Table legend: (Time is in decaauts)
 A = Elapsed time spent in this place.
 B = Non-inter-level travel time spent in this place.
 C = Inter-level travel time spent in this place.
 D = Time resting spent in this place.
 E = Time spent auto-exploring this place.
 F = Levels seen in this place.
 G = Mean time per level.
                   A        B        C        D        E       F      G
               +--------+--------+--------+--------+--------+-----+--------+
         Total |    587 |    587 |      0 |      0 |    468 |   1 |  587.0 |
       Dungeon |    587 |    587 |      0 |      0 |    468 |   1 |  587.0 |
               +--------+--------+--------+--------+--------+-----+--------+

Top non-repeatable levels by time:
     D:1: 587 daAuts
